 Dungeon Crawl Stone Soup version 0.30.1-4-g462c640d31 (webtiles) character file.

Game seed: 18106495011852336464

270 lonewolfV2 the Shield-Bearer (level 6, 0/53 HPs)
             Began as a Minotaur Fighter on Aug 23, 2023.
             Slain by an ogre
             ... wielding a +0 giant spiked club
              (25 damage)
             ... on level 3 of the Dungeon.
             The game lasted 00:03:19 (2124 turns).

lonewolfV2 the Shield-Bearer (Minotaur Fighter)     Turns: 2124, Time: 00:03:19

Health: 0/53       AC:  7    Str: 22    XL:     6   Next: 1%
Magic:  5/5        EV: 10    Int:  5    God:
Gold:   118        SH:  5    Dex: 10    Spells: 5/5 levels left

rFire   . . .        a - +1 long sword
rCold   . . .        c - +0 buckler
rNeg    . . .        b - +0 scale mail
rPois   .            (helmet restricted)
rElec   .            (no cloak)
rCorr   .            (no gloves)
SInv    .            (no boots)
Will    .....        (no amulet) Stlth
                     (no ring)
HPRegen 0.28/turn    (no ring)
MPRegen 0.09/turn

%: no passive effects
@: weakened
A: horns 2, retaliatory headbutt
a: no special abilities


You were on level 3 of the Dungeon.
You visited 1 branch of the dungeon, and saw 3 of its levels.

You collected 118 gold pieces.

Inventory:

Hand Weapons
 a - a +1 long sword (weapon)
Armour
 b - a +0 scale mail (worn)
 c - a +0 buckler (worn)
Jewellery
 j - an amulet of reflection
Scrolls
 h - a scroll of teleportation {unknown}
 i - a scroll of blinking {unknown}
 k - a scroll of amnesia {unknown}
 l - a scroll of immolation {unknown}
Potions
 d - a potion of might
 e - 2 potions of attraction {unknown}
 f - a potion of lignification
 g - a potion of brilliance


   Skills:
 + Level 4.6 Fighting
 + Level 4.6 Long Blades
 + Level 4.9 Armour
 + Level 1.7 Dodging
 + Level 5.0 Shields


You had 5 spell levels left.
You didn't know any spells.
Your spell library contained the following spells:

 Spells                   Type           Power      Damage    Failure   Level
 Dazzling Flash           Conj/Hex       0%         N/A       99%         3
 Stone Arrow              Conj/Erth      0%         3d7       99%         3
 Animate Armour           Summ/Erth      0%         N/A       100%        4
 Agony                    Necr           0%         N/A       100%        5
 Silence                  Hex/Air        0%         N/A       100%        5
 Lehudib's Crystal Spear  Conj/Erth      0%         10d2      100%        8


Dungeon Overview and Level Annotations

Branches:
Dungeon (3/15)

Altars:

Shops:
D:1 *


Innate Abilities, Weirdness & Mutations

You have a pair of horns on your head.
You reflexively headbutt those who attack you in melee.


Message History

You kill the orc!
Things that are here:
a +0 club; a +0 dagger; a +0 scale mail You start resting.
A gnoll bouda comes into view. It is wielding a +0 whip.
A gnoll bouda is nearby!
A gnoll bouda is nearby!
A gnoll bouda is nearby!
The gnoll bouda shouts!
A gnoll comes into view. It is wielding a +0 spear.
The gnoll bouda barks out a call to the hunt!
The gnoll picks up the pace!
The gnoll shouts!
You hear a shout!
You hear a shout!
The gnoll bouda hits you with a +0 whip.
You hit the gnoll bouda.
The gnoll bouda is moderately wounded.
An ogre comes into view. It is wielding a +0 giant spiked club.
The gnoll bouda hits you with a +0 whip.
You hit the gnoll bouda but do no damage.
The gnoll bouda is moderately wounded.
The gnoll hits you from afar with a +0 spear.
The gnoll bouda gazes fiercely through you!
You feel your attacks grow feeble. You block the gnoll bouda's attack.
You hit the gnoll bouda but do no damage.
The gnoll bouda is moderately wounded.
The gnoll barely misses you. The gnoll bouda misses you.
You closely miss the gnoll bouda.
The gnoll bouda is moderately wounded.
The gnoll hits you from afar with a +0 spear.
The gnoll bouda gazes fiercely through you!
You feel as though you will be weak longer.
The gnoll bouda closely misses you. You furiously retaliate!
You headbutt the gnoll bouda!
The gnoll bouda attacks as you move away!
The gnoll bouda hits you with a +0 whip!
The ogre attacks as you move away!
The ogre hits you with a +0 giant spiked club!!
You die...

# ######## # .'....' # #....# +#
#....#
.#############''''############# o
.#..............g).....^......# o
##~~~~~≈~~~~~~.Og.~≈~~~≈~≈~~~~###
≈≈≈≈≈≈≈≈≈≈≈≈≈~.)@.~~≈~≈≈≈≈≈≈≈≈≈≈≈
≈≈~~~~~)~~≈~≈~....~~~~~~~≈~~≈~≈~~
..............)...)).............
######.#####.)).#.........##)....
#.## #.))##.............### #..#
#...##..........##....
##.####...##.........####...
#...##.))##.........# #...
###.##.....(.....)..####...


You could see an ogre, a gnoll bouda and a gnoll (swift).

Vanquished Creatures
  A howler monkey (D:3)
  A hound (D:3)
  8 gnolls (D:3)
  An adder (D:2)
  An ufetubus (D:3)
  2 worms
  A dart slug (D:3)
  14 orcs (D:3)
  7 endoplasms
  4 giant cockroaches
  5 goblins
  3 hobgoblins
  18 jackals
  6 kobolds
  2 quokkas
  2 ball pythons
  4 bats
  5 frilled lizards
  3 rats
88 creatures vanquished.

Notes
Turn   | Place    | Note
-------+----------+-------------------------------------------
     0 | D:1      | lonewolfV2 the Minotaur Fighter began the quest for the
                  | Orb.
     0 | D:1      | Reached XP level 1. HP: 19/19 MP: 0/0
    55 | D:1      | Found Waegh's Assorted Antiques.
   281 | D:1      | Reached skill level 4 in Shields
   281 | D:1      | Reached XP level 2. HP: 27/27 MP: 1/1
   856 | D:2      | Reached XP level 3. HP: 29/33 MP: 2/2
  1370 | D:3      | Reached XP level 4. HP: 25/40 MP: 3/3
  1661 | D:3      | Reached skill level 1 in Dodging
  1742 | D:3      | Reached XP level 5. HP: 39/47 MP: 4/4
  1787 | D:3      | Identified the +10 hand axe "Ciorich" {holy, Fly rElec rN+
                  | Dex-2}
  2070 | D:3      | Reached skill level 5 in Shields
  2082 | D:3      | Reached XP level 6. HP: 35/53 MP: 5/5
  2124 | D:3      | Slain by an ogre

Illustrated notes

Levels and vault maps discovered:
D:1:      lightli_arrival_boilingwater, layout_basic, serial_shops, shop,
          corexii_hall_statues_x, st_stairs_7
D:2:      layout_rooms, hex_intersection
D:3:      lemuel_castle_with_subvaults [lemuel_castle_interior_carwin_3],
          layout_rooms, serial_park_tiny_1

Skill      XL: |  1  2  3  4  5 |
---------------+----------------+-----
Shields        | 4 5 |  5.0
Fighting       | 4 |  4.6
Armour         | 4 |  4.9
Long Blades    | 3 4 |  4.6
Dodging        | 1 |  1.7

Action                     |  1- 3 |  4- 6 || total
---------------------------+-------+-------++-------
  Melee: Long sword        |    82 |   106 ||   188
         Headbutt          |    11 |    17 ||    28
    Use: Scroll            |     3 |       ||     3
 Armour: Scale mail        |    48 |    53 ||   101
  Dodge: Dodged            |    59 |    93 ||   152
  Block: Buckler           |    27 |    49 ||    76
